 Dungeon Crawl Stone Soup version 0.30.0-10-gfe55d96785 (webtiles) character file.

Game seed: 6423440743645435780

57172 SnakkuSnakku7 the Bludgeoner (level 14, 0/122 (126) HPs)
             Began as an Armataur Summoner on May 14, 2023.
             Was a High Priest of Ru.
             Slain by an ettin
             ... wielding a +0 dire flail
              (19 damage)
             ... on level 13 of the Dungeon.
             The game lasted 00:28:57 (19052 turns).

SnakkuSnakku7 the Bludgeoner (Armataur Summoner)   Turns: 19052, Time: 00:28:58

HP:   0/122 (126)   AC: 30    Str: 19    XL:     14   Next: 44%
MP:   14/14         EV:  4    Int: 16    God:    Ru [*****.]
Gold: 474           SH:  0    Dex: 10    Spells: 15/16 levels left

rFire   x . .        a - +7 great mace (protect)
rCold   x . .        (shield currently unavailable)
rNeg    . . .        R - +3 leather armour {rPois}
rPois   +            n - +2 helmet
rElec   .            M - +2 cloak
rCorr   .            N - +1 pair of gloves
SInv    .            (no barding)
Will    +....        X - amulet of regeneration Stlth
                     P - +4 ring of protection
HPRegen 1.20/turn    D - +4 ring of protection
MPRegen 0.14/turn

%: roll
@: under a protective aura, lightly drained
A: large, rugged brown scales 3, deformed body, low MP 1, no stealth, reduced EV
1, unskilled 1, temperature sensitive, armoured tail, roll, long tongue, awkward
tongue
a: Renounce Religion, Draw Out Power, Power Leap, Apocalypse


You were on level 13 of the Dungeon.
You worshipped Ru.
Ru was extremely pleased with you.
You visited 2 branches of the dungeon, and saw 18 of its levels.

You collected 1179 gold pieces.
You spent 705 gold pieces at shops.

Inventory:

Hand Weapons
 a - a +7 great mace of protection (weapon)
 p - the +5 dagger of Supply {venom, rPois Int-2 Dex+2}
   (You found it on level 3 of the Dungeon)

   Int:       It affects your intelligence (-2).
   Dex:       It affects your dexterity (+2).
   rPois:     It protects you from poison.
Missiles
 m - 30 poisoned darts (quivered)
Armour
 n - a +2 helmet (worn)
 y - a +0 kite shield
 M - a +2 cloak (worn)
 N - a +1 pair of gloves (worn)
 R - a +3 leather armour of poison resistance (worn)
Jewellery
 k - a ring of poison resistance
 C - a ring of see invisible
 D - a +4 ring of protection (right hand)
 J - a ring of protection from fire
 P - a +4 ring of protection (left hand)
 X - an amulet of regeneration (around neck)
Wands
 c - a wand of digging (2)
 q - a wand of quicksilver (8)
 x - a wand of polymorph (14)
 z - a wand of roots (7)
 A - a wand of paralysis (11)
 K - a wand of flame (42)
 S - a wand of mindburst (16)
Scrolls
 d - a scroll of blinking
 f - 4 scrolls of fear
 h - 4 scrolls of brand weapon
 i - a scroll of teleportation
 o - 2 scrolls of vulnerability
 u - 3 scrolls of immolation
 v - 2 scrolls of amnesia
 B - 2 scrolls of fog
 G - 3 scrolls of poison
 Q - a scroll of silence
 U - 4 scrolls of identify
 W - a scroll of butterflies
Potions
 b - 2 potions of magic
 e - 2 potions of invisibility
 g - 5 potions of haste
 j - 4 potions of attraction
 l - 4 potions of curing
 r - 3 potions of lignification
 s - a potion of might
 t - 2 potions of mutation
 w - a potion of ambrosia
 E - 2 potions of flight
 F - 3 potions of brilliance
 H - 2 potions of cancellation
 I - a potion of berserk rage
 L - a potion of heal wounds
 V - a potion of resistance
Miscellaneous
 O - a tin of tremorstones (2/2)
 T - a phial of floods


   Skills:
 - Level 9.1 Fighting
 - Level 3.6 Short Blades
 + Level 17.3 Maces & Flails
 - Level 3.6 Throwing
 - Level 2.5 Dodging
 - Level 1.5 Spellcasting
 - Level 2.9 Summonings
 - Level 7.2 Evocations


You had 15 spell levels left.
You knew the following spells:

 Your Spells              Type           Power      Damage    Failure   Level
a - Summon Small Mammal   Summ           40%        N/A       8%          1

Your spell library contained the following spells:

 Spells                   Type           Power      Damage    Failure   Level
 Call Imp                 Summ           20%        N/A       12%         2
 Call Canine Familiar     Summ           10%        N/A       22%         3
 Kiss of Death            Conj/Necr      4%         2d5       26%         1
 Necrotise                Necr           4%         1d4       26%         1
 Slow                     Hex            4%         N/A       26%         1
 Ensorcelled Hibernation  Hex/Ice        2%         N/A       36%         2
 Passwall                 Tmut/Erth      0%         N/A       36%         2
 Poisonous Vapours        Pois/Air       2%         N/A       36%         2
 Scorch                   Fire           2%         2d5       36%         2
 Summon Guardian Golem    Hex/Summ       6%         N/A       38%         3
 Confusing Touch          Hex            1%         N/A       61%         3
 Mephitic Cloud           Conj/Pois/Air  1%         N/A       61%         3
 Spider Form              Tmut/Pois      1%         N/A       61%         3
 Swiftness                Air            1%         N/A       61%         3
 Vampiric Draining        Necr           1%         2d6       61%         3
 Vhi's Electric Charge    Tloc/Air       2%         N/A       61%         3
 Summon Lightning Spire   Summ/Air       6%         N/A       80%         4
 Anguish                  Hex/Necr       0%         N/A       95%         4
 Dispel Undead            Necr           1%         3d6       95%         4
 Flame Wave               Conj/Fire      1%         2d4       95%         4
 Manifold Assault         Tloc           1%         N/A       95%         4
 Agony                    Necr           1%         N/A       100%        5
 Arcjolt                  Conj/Air       0%         1d10      100%        5
 Freezing Cloud           Conj/Ice/Air   0%         6-21      100%        5
 Dispersal                Tloc           0%         N/A       100%        6
 Summon Cactus Giant      Summ           5%         N/A       100%        6
 Disjunction              Tloc           0%         N/A       100%        8
 Maxwell's Capacitive Co  Air            0%         ∞         100%        8


Dungeon Overview and Level Annotations

Branches:
Dungeon (13/15)            Temple (0/1) D:4            Lair (5/5) D:10
  Swamp (0/4) Lair:3        Snake (0/4) Lair:2        Slime (0/5) Lair:5
    Orc (0/2) D:12
 Vaults: D:13-14

Altars:
Cheibriados
Dithmenos
Elyvilon
Gozag
Makhleb
Okawaru
Qazlal
Ru
Sif Muna
Trog
Uskayaw
Vehumet
Wu Jian
Xom
The Shining One
Jiyva

Shops:
D:10 (   D:12 :*=

Annotations:
D:12 exclusion: door


Innate Abilities, Weirdness & Mutations

You are completely covered in rugged brown scales. (AC +3, +7% HP)
Armour fits poorly on your strangely shaped body.
Your magical capacity is low. (-10% MP)
You cannot be stealthy.
You have somewhat slow reflexes. (EV -5)
You are somewhat unskilled. (-1 Apt)
You are sensitive to extremes of temperature. (rF-, rC-)
You have a long armoured tail.
You roll when moving toward enemies. (Rampage)
Your long tongue fully drains potion bottles. (2x potion effects)
Your tongue gives you trouble enunciating. (1.5x scroll delay)


Message History

The lindwurm is heavily wounded.
The lindwurm begins to attack, but is stunned by your conviction!
You sock the lindwurm!
Your tail-slap misses the lindwurm.
The lindwurm is severely wounded.
The lindwurm breathes flames at you. The blast of flame hits you.
The fire burns you terribly!
An ettin comes into view.
It is wielding a +0 dire flail and a +1 dire flail of holy wrath.
You bludgeon the lindwurm!!
You kill the lindwurm!
You hit the ettin.
The ettin is lightly wounded.
The ettin hits you with a +0 dire flail!
The ettin hits you with a +1 dire flail of holy wrath!!
You barely miss the ettin.
You tail-slap the ettin, but do no damage.
The ettin is lightly wounded.
You redirect the ettin's attack!
The ettin hits itself with a +0 dire flail!!
The ettin barely misses itself.
You hear a shout!
You sock the ettin! You tail-slap the ettin.
The ettin is severely wounded.
You barely miss the ettin.
The ettin is severely wounded.
The ettin hits you but does no damage.
The ettin hits you with a +1 dire flail of holy wrath!!
You barely miss the ettin.
The ettin is severely wounded.
The ettin hits you with a +0 dire flail.
The ettin hits you but does no damage.
You sock the ettin!
The ettin is severely wounded.
The ettin hits you with a +0 dire flail!!
The ettin hits you with a +1 dire flail of holy wrath!!
* * * LOW HITPOINT WARNING * * *
You hear a shout!
You hit the ettin.
The ettin is almost dead.
The ettin hits you with a +0 dire flail!!
You die...

#...............#.......
#...######.#....#.......
#...# #.#....#....... +...#
#...####....... #######...#
#..........#### ..○.......#
#...######.# ....○.....#
#.#.)....#.#
....e○°...#.####.#......#.
☼○E....E..#.C@...#......#
.........☼#......#.'#####..
##+######.########.........
.............[............
..........#....#..########
..........#'####..#
########..........#
#........### #........#


You could see an ettin.

Vanquished Creatures
  Kirke (Lair:2)
  A dire elephant (Lair:5)
  5 hydras
  A ghost crab (Lair:3)
  2 centaur warriors
  A merfolk avatar (Lair:5)
  A catoblepas (Lair:4)
  A two-headed ogre (D:8)
  2 boulder beetles
  Urug (D:13)
  A death yak (Lair:2)
  A spectral death yak (Lair:3)
  4 skysharks
  A skeletal warrior (D:8)
  A lindwurm (D:13)
  2 sea snakes (Lair:5)
  A spectral hydra (Lair:3)
  2 deep elf pyromancers
  An ugly thing (D:12)
  15 elephants
  Maurice (D:9)
  2 manticores
  6 black mambas
  9 cane toads
  A gargoyle (D:10)
  A torpor snail (Lair:5)
  6 rime drakes
  Maggie (D:10)
  8 komodo dragons
  3 trolls
  A wind drake (Lair:5)
  6 hornets
  12 blink frogs
  3 snapping turtles (Lair:5)
  3 polar bears
  6 dream sheep (Lair:5)
  6 slime creatures (D:12)
  3 shadows
  A vampire (D:11)
  3 wyverns (Lair:5)
  6 wraiths
  2 hogs (Lair:3)
  4 fire bats (D:12)
  43 yaks
  3 basilisks
  6 steam dragons
  Eustachio (D:6)
  Grum (D:8)
  4 vampire mosquitoes (D:11)
  2 acid dragons
  9 water moccasins
  A hell hound (D:12)
  3 orc warriors
  6 ice beasts
  A sky beast (D:7)
  4 black bears
  A spectral polar bear (Lair:3)
  2 ogres (D:12)
  7 wolves
  6 centaurs
  2 phantoms (D:4)
  2 kobold brigands
  11 bullfrogs
  A gnoll sergeant (D:5)
  3 scorpions
  3 wights
  4 killer bees (D:9)
  3 electric eels
  A spectral centaur (D:8)
  5 howler monkeys
  A crimson imp (D:3)
  A wyvern simulacrum (D:8)
  9 orc priests
  A hound (D:5)
  3 hell rats (Lair:2)
  Natasha (thrice) (D:4)
  3 iguanas
  11 orc wizards
  A spectral killer bee (D:8)
  A centaur simulacrum (D:8)
  4 gnolls (D:5)
  An adder (D:3)
  6 river rats (Lair:2)
  2 shadow imps
  A white imp (D:6)
  3 ufetubi
  2 worms
  27 orcs
  6 ball pythons
  10 endoplasms
  3 giant cockroaches
  11 goblins
  13 hobgoblins
  6 jackals
  13 kobolds
  3 quokkas
  A bat (D:2)
  2 frilled lizards (D:1)
  7 rats
429 creatures vanquished.

Vanquished Creatures (collateral kills)
  A hobgoblin (D:1)
  A kobold (D:1)
2 creatures vanquished.

Vanquished Creatures (others)
  A hydra (Lair:5)
  A deep elf pyromancer (D:13)
  A cane toad (Lair:5)
  A human (Lair:3)
  An orc (D:12)
  A fire vortex (D:12)
6 creatures vanquished.

Grand Total: 437 creatures vanquished

Notes
Turn   | Place    | Note
-------+----------+-------------------------------------------
     0 | D:1      | SnakkuSnakku7 the Armataur Summoner began the quest for the
                  | Orb.
     0 | D:1      | Reached XP level 1. HP: 14/14 MP: 3/3
    49 | D:1      | Reached skill level 1 in Fighting
   103 | D:1      | Reached XP level 2. HP: 23/24 MP: 4/4
   337 | D:1      | Reached XP level 3. HP: 32/32 MP: 5/5
  1011 | D:2      | Found a glowing golden altar of the Shining One.
  1276 | D:3      | You fall into a shaft and drop 2 floors!
  1276 | D:5      | Entered Level 5 of the Dungeon
  1286 | D:5      | Noticed a water moccasin
  1450 | D:3      | Identified the +5 dagger of Supply {venom, rPois Int-2
                  | Dex+2}
  1819 | D:3      | Found a burning altar of Makhleb.
  1819 | D:3      | Found a shimmering altar of Xom.
  1828 | D:3      | Reached skill level 1 in Throwing
  1828 | D:3      | Reached XP level 4. HP: 26/40 MP: 6/6
  1901 | D:3      | Found an iron altar of Okawaru.
  2196 | D:4      | Noticed a scorpion
  2202 | D:4      | Killed a scorpion
  2203 | D:4      | Reached XP level 5. HP: 46/49 MP: 7/7
  2210 | D:3      | Found a sacrificial altar of Ru.
  2210 | D:3      | Found a stormy altar of Qazlal.
  2210 | D:3      | Found a bloodstained altar of Trog.
  2210 | D:3      | Found a shimmering blue altar of Sif Muna.
  2218 | D:3      | Became a worshipper of Ru the Awakened
  2300 | D:4      | Found a staircase to the Ecumenical Temple.
  2300 | D:4      | Identified the staff of poison "Luttamow" {rPois rF+++
                  | rCorr MP+9 Str-2}
  2376 | D:4      | Noticed a phantom
  2397 | D:4      | Killed a phantom
  2398 | D:4      | Reached XP level 6. HP: 46/55 MP: 8/8
  2454 | D:4      | Identified the +7 falchion "Cushajen" {freeze, Contam rPois
                  | Str+2}
  2550 | D:4      | Noticed Natasha
  2558 | D:4      | Killed Natasha
  2586 | D:4      | Noticed Natasha
  2592 | D:4      | Killed Natasha
  2831 | D:4      | Noticed Natasha
  2834 | D:4      | Killed Natasha
  2846 | D:5      | Noticed an ice beast
  2867 | D:4      | Killed an ice beast
  2868 | D:4      | Reached skill level 5 in Fighting
  2868 | D:4      | Reached XP level 7. HP: 33/65 MP: 9/9
  3550 | D:6      | Noticed a steam dragon
  3561 | D:6      | Killed a steam dragon
  3562 | D:6      | Reached XP level 8. HP: 36/78 MP: 10/10
  3675 | D:5      | Gained mutation: Your magical capacity is low. (-10% MP)
                  | [Ru sacrifice]
  3872 | D:6      | Found a shadowy altar of Dithmenos.
  3884 | D:6      | Found a snail-covered altar of Cheibriados.
  3944 | D:6      | Noticed Eustachio
  3961 | D:6      | Killed Eustachio
  4428 | D:7      | Found an opulent altar of Gozag.
  4560 | D:7      | Reached XP level 9. HP: 81/90 MP: 10/10
  4569 | D:7      | Reached skill level 10 in Fighting
  4581 | D:7      | Reached skill level 1 in Short Blades
  4875 | D:7      | Noticed a deep elf pyromancer
  4956 | D:7      | Killed a deep elf pyromancer
  5116 | D:7      | Found a hide-covered altar of Uskayaw.
  5116 | D:7      | Noticed a +0 short sword
  5117 | D:7      | Noticed a +0 spear
  5117 | D:7      | Noticed a +0 falchion
  5117 | D:7      | Noticed a +0 dagger
  5118 | D:7      | Noticed a +0 falchion
  5118 | D:7      | Noticed a +0 dagger
  5119 | D:7      | Noticed a +0 short sword
  5135 | D:7      | Noticed a +0 spear
  5257 | D:7      | Found a radiant altar of Vehumet.
  5303 | D:7      | Reached skill level 1 in Evocations
  5559 | D:8      | Found an ornate altar of the Wu Jian Council.
  5580 | D:8      | Noticed a two-headed ogre
  5600 | D:8      | Killed a two-headed ogre
  5601 | D:8      | Reached skill level 5 in Evocations
  5626 | D:8      | Reached XP level 10. HP: 74/99 MP: 11/11
  5729 | D:8      | Noticed a skeletal warrior
  5933 | D:8      | Noticed Grum
  6555 | D:8      | Killed Grum
  6691 | D:7      | Reached skill level 1 in Maces & Flails
  6755 | D:8      | Killed a skeletal warrior
  6756 | D:8      | Reached skill level 3 in Maces & Flails
  6905 | D:7      | Reached skill level 4 in Maces & Flails
  7048 | D:7      | Reached skill level 5 in Maces & Flails
  7404 | D:8      | Identified a scroll of acquirement
  7404 | D:8      | Acquired a +2 great mace of protection
  7593 | D:8      | Identified the +9 dagger "Ugaoxeeh" {pain, rPois}
  7647 | D:9      | Reached skill level 6 in Maces & Flails
  7860 | D:9      | Noticed Maurice
  7886 | D:9      | Killed Maurice
  7989 | D:9      | Reached XP level 11. HP: 70/105 MP: 12/12
  8004 | D:9      | Paralysed by a hornet for 3 turns
  8009 | D:9      | Paralysed by a hornet for 1 turns
  8280 | D:9      | Reached skill level 7 in Maces & Flails
  8506 | D:10     | Entered Level 10 of the Dungeon
  8583 | D:9      | Reached skill level 8 in Maces & Flails
  8616 | D:10     | Found a staircase to the Lair.
  8695 | D:10     | Found a white marble altar of Elyvilon.
  9144 | D:10     | Reached skill level 9 in Maces & Flails
  9150 | D:10     | Noticed Maggie
  9158 | D:10     | Killed Maggie
  9221 | D:10     | Found Giribriadgh's Weapon Shoppe.
  9418 | Lair:1   | Entered Level 1 of the Lair of Beasts
  9825 | Lair:1   | Reached skill level 10 in Maces & Flails
  9833 | Lair:1   | Gained mutation: You cannot be stealthy. [Ru sacrifice]
  9833 | Lair:1   | Reached * piety under Ru
 10275 | Lair:2   | Found a staircase to the Snake Pit.
 10290 | Lair:2   | Noticed an eight-headed hydra
 10297 | Lair:2   | Killed an eight-headed hydra
 10475 | Lair:2   | Noticed a skyshark
 10486 | Lair:2   | Killed a skyshark
 10487 | Lair:2   | Reached skill level 11 in Maces & Flails
 10787 | Lair:2   | Reached XP level 12. HP: 93/113 MP: 13/13
 10807 | Lair:2   | Noticed a death yak
 10822 | Lair:2   | Killed a death yak
 10968 | Lair:2   | Noticed an eight-headed hydra
 10976 | Lair:2   | Killed an eight-headed hydra
 11097 | Lair:2   | Reached skill level 12 in Maces & Flails
 11175 | Lair:2   | Noticed a five-headed hydra
 11178 | Lair:2   | Killed a five-headed hydra
 11208 | Lair:2   | Noticed a five-headed hydra
 11381 | Lair:2   | Killed a five-headed hydra
 11901 | Lair:3   | Reached skill level 13 in Maces & Flails
 12220 | Lair:3   | Noticed Kirke
 12309 | Lair:2   | Killed Kirke
 12324 | Lair:3   | Reached skill level 14 in Maces & Flails
 12584 | Lair:3   | Gained mutation: You are somewhat unskilled. (-1 Apt) [Ru
                  | sacrifice]
 12584 | Lair:3   | Reduced skill Maces & Flails to level 13
 12584 | Lair:3   | Reached ** piety under Ru
 12886 | Lair:3   | Found a staircase to the Swamp.
 12886 | Lair:3   | Noticed a ghost crab
 12902 | Lair:3   | Killed a ghost crab
 13016 | Lair:4   | Identified the +0 ring mail "Xuruor" {rC+}
 13123 | Lair:4   | Reached XP level 13. HP: 111/118 MP: 13/13
 13731 | Lair:4   | Reached skill level 14 in Maces & Flails
 13958 | Lair:5   | Entered Level 5 of the Lair of Beasts
 14415 | Lair:5   | Noticed a dire elephant
 14485 | Lair:5   | Reached skill level 15 in Maces & Flails
 14537 | Lair:5   | Gained mutation: You are sensitive to extremes of
                  | temperature. (rF-, rC-) [Ru sacrifice]
 14537 | Lair:5   | Reached *** piety under Ru
 14537 | Lair:5   | Reached **** piety under Ru
 15499 | Lair:5   | Reached skill level 16 in Maces & Flails
 15794 | Lair:5   | Reached XP level 14. HP: 116/126 MP: 14/14
 15800 | Lair:5   | Found a runed translucent door.
 15800 | Lair:5   | Found a viscous altar of Jiyva.
 15890 | Lair:5   | Identified the +9 trident of Neeg {heavy, Fly rC++ Str+3}
 15898 | Lair:5   | Identified the +5 dagger "Ugaskyra" {heavy, rElec}
 16569 | Lair:5   | Found a staircase to the Slime Pits.
 17439 | D:12     | Gained mutation: You have somewhat slow reflexes. (EV -5)
                  | [Ru sacrifice]
 17439 | D:12     | Reached ***** piety under Ru
 17644 | D:12     | Found Ibitooda's General Store.
 17653 | D:12     | Bought a scroll of fear for 68 gold pieces
 17653 | D:12     | Bought a scroll of enchant weapon for 127 gold pieces
 17695 | D:12     | Found Faiteuh's Jewellery Shop.
 17703 | D:12     | Bought an amulet of regeneration for 510 gold pieces
 17755 | D:12     | Reached skill level 17 in Maces & Flails
 17778 | D:12     | Found a staircase to the Orcish Mines.
 18448 | D:12     | Found Tunuocw's Book Shop.
 18751 | D:13     | Noticed Urug
 18762 | D:13     | Killed Urug
 19052 | D:13     | Slain by an ettin

Illustrated notes

Levels and vault maps discovered:
D:1:      erik_arrival_blinker_ship, layout_rooms, grunt_decor_one_mirror,
          st_stairs_14, minmay_tree_intersection
D:2:      layout_loops_ring, basic_altar
D:3:      layout_basic, nicolae_overflow_hidden_temple,
          grunt_temple_overflow_champion_of_chaos, lemuel_doored_altar
D:4:      nicolae_cairo_tiling, layout_loops_cross,
          minmay_temple_entry_purple_smoke, uniq_natasha
D:5:      layout_rooms
D:6:      layout_gridville, grunt_dithmenos_smoke_and_mirrors,
          mainiacjoe_overflow_catwalk, uniq_eustachio
D:7:      layout_basic, grunt_gozag_breadcrumbs, lemuel_round_altar,
          nicolae_uskayaw_en_pointe, abandoned_shop
D:8:      layout_rooms, nicolae_wu_jian_immortal_techniques,
          dilly_guarded_unrand_morg, uniq_grum
D:9:      layout_roguey, uniq_maurice
D:10:     layout_irregular_city, nicolae_overflow_crystal_walls,
          hellmonk_lair_entry_icy, serial_shops, nicolae_diamond_shop,
          minmay_misc_feat_tiny, uniq_maggie
D:11:     layout_basic
D:12:     layout_layer_cave, erik_orc_3, serial_shops, shop, shop, shop,
          hangedman_incinerator
D:13:     layout_irregular_city, david_vaults_4, gammafunk_ghost_hive, uniq_urug
Lair:1:   layout_misc_corridors
Lair:2:   cheibrodos_lair_overgrown_chateau, layout_hall_layers,
          kennysheep_abandoned_house
Lair:3:   layout_chaotic_city, nicolae_swamp_entry_spooky, lemuel_fruit_tree,
          uniq_kirke
Lair:4:   layout_gridlike, gammafunk_lair_bear_cave, serial_bayou_shore_b,
          grunt_megastairs_4
Lair:5:   gammafunk_lair_ancient_temple, layout_regular_city, slime_entry_2,
          pdpol_lair_cavern_descent

Skill      XL: |  1  2  3  4  5  6  7  8  9 10 11 12 13 14 |
---------------+-------------------------------------------+-----
Fighting       | 1 2 3 4 5 7 9 10 9 |  9.1
Throwing       | 1 2 4 3 |  3.6
Short Blades   | 4 3 |  3.6
Dodging        | 2 |  2.5
Evocations     | 5 8 7 |  7.2
Maces & Flails | 6 11 13 16 17 | 17.3
Stealth        | 0 |  0.0
Summonings     | 2 |  2.9
Spellcasting   | |  1.5

Action                     |  1- 3 |  4- 6 |  7- 9 | 10-12 | 13-15 || total
---------------------------+-------+-------+-------+-------+-------++-------
  Melee: Whip              |   166 |       |       |       |       ||   166
         Unarmed           |     4 |       |       |       |       ||     4
         Tailslap          |    17 |    10 |    47 |   125 |   125 ||   324
         Dagger            |    15 |    95 |   274 |   210 |       ||   594
         Punch             |     3 |       |     3 |     3 |       ||     9
         Great mace        |       |       |       |   479 |   664 ||  1143
  Throw: Dart              |       |       |     6 |     4 |       ||    10
   Cast: Summon Small Mamm |     4 |       |     1 |       |       ||     5
 Invoke: Sacrifice Essence |       |       |     1 |       |       ||     1
         Sacrifice Stealth |       |       |       |     1 |       ||     1
         Sacrifice Skill   |       |       |       |     1 |       ||     1
         Sacrifice Resista |       |       |       |       |     1 ||     1
         Draw Out Power    |       |       |       |       |     1 ||     1
         Sacrifice Health  |       |       |       |       |     1 ||     1
  Evoke: Wand              |       |       |     5 |    14 |     7 ||    26
         Tin of tremorston |       |       |       |       |     2 ||     2
    Use: Scroll            |     1 |       |       |    25 |    14 ||    40
         Potion            |       |       |       |     3 |     2 ||     5
   Stab: Sleeping          |     5 |     3 |     4 |       |       ||    12
         Distracted        |       |       |       |     1 |       ||     1
         Invisible         |       |       |       |       |     1 ||     1
         Paralysed         |       |       |       |       |     2 ||     2
         Petrifying        |       |       |       |       |     1 ||     1
         Petrified         |       |       |       |       |     1 ||     1
 Armour: Robe              |     3 |       |       |       |       ||     3
         Leather armour    |    68 |    44 |   204 |   661 |   512 ||  1489
  Dodge: Dodged            |   101 |    29 |   163 |   528 |   257 ||  1078
